Tucson Roadrunners vs Sarnia Sailors
Created - Saturday, March 2, 2024 at 07:16
Goals
|
| Tucson Roadrunners |
0 |
2 |
1 |
3 |
| Sarnia Sailors |
1 |
1 |
3 |
5 |
|
Shots
|
| Tucson Roadrunners |
7 |
7 |
11 |
25 |
| Sarnia Sailors |
6 |
14 |
24 |
44 |
|
1st period
1. Sarnia Sailors , Keegan Kolesar 21 (Tristen Nielsen 21, Samuel Walker 6) at 14:37
Penalties :
Nick Seeler (TRR) for Holding (Minor) at 3:42, Keegan Kolesar (SAR) for Roughing (Minor) at 12:09, Carson Soucy (TRR) for Hooking (Minor) at 15:18, Lucas Edmonds (SAR) for Holding Stick (Minor) at 18:22
2nd period
2. Tucson Roadrunners , William Carrier 14 (Nicolas Petan 14, Mark Jankowski 21) at 0:15 (PP)
3. Tucson Roadrunners , Fabian Lysell 3 (Carson Soucy 10, Marian Studenic 6) at 1:30
4. Sarnia Sailors , Tristen Nielsen 15 (Jamie Drysdale 27, Keegan Kolesar 17) at 3:49 (PP)
Penalties :
Carson Soucy (TRR) for Slashing (Minor) at 3:45, Fabian Lysell (TRR) for Holding (Minor) at 5:40, Robert Hagg (TRR) for High sticking (Minor) at 10:28, Kevin Stenlund (SAR) for Slashing (Minor) at 14:23
3rd period
5. Sarnia Sailors , Vasily Podkolzin 14 (Jack Rathbone 17, Jamie Drysdale 28) at 0:10
6. Tucson Roadrunners , William Carrier 15 (Mark Jankowski 22) at 7:51 (PP)
7. Sarnia Sailors , Keegan Kolesar 22 (Jamie Drysdale 29, Vasily Podkolzin 33) at 8:13 (PP)
8. Sarnia Sailors , Keegan Kolesar 23 (Kevin Stenlund 20) at 14:48
Penalties :
Jett Woo (SAR) for Holding (Minor) at 7:48, Robert Hagg (TRR) for Slashing (Minor) at 7:58, Carson Soucy (TRR) for Interference (Minor) at 12:11, Nicolas Petan (TRR) for High sticking (Minor) at 14:57, Jett Woo (SAR) for Roughing (Double Minor) at 18:12
Goalie Stats
Elvis Merzlikins (TRR), 39 saves from 44 shots - (0.886), L, 12-6-1, 60:00 minutes
Remi Poirier (SAR), 22 saves from 25 shots - (0.880), W, 12-5-0, 60:00 minutes
Players Stats for Tucson Roadrunners
Player Name G A P +/- PIM S H SB GA TA FO MP PP MP PK MP
------------------------------------------------------------------------------------
Anthony Richard 0 0 0 -1 0 1 2 1 0 0 0/2 9:30 0:12 0:00
Benjamin Jones 0 0 0 -1 0 1 0 0 0 0 3/5 10:10 0:52 0:00
Brock McGinn 0 0 0 0 0 0 2 0 0 0 0/1 20:08 3:25 5:30
Carson Soucy 0 1 1 1 6 0 4 0 0 1 0/0 22:35 4:01 3:33
Corson Ceulemans 0 0 0 0 0 2 1 0 0 1 0/0 14:40 0:00 2:01
Fabian Lysell 1 0 1 0 2 3 1 1 0 0 0/0 7:50 0:05 0:00
Marian Studenic 0 1 1 1 0 1 0 1 0 0 0/0 7:17 0:00 0:07
Mark Jankowski 0 2 2 -2 0 2 1 0 0 0 7/17 16:21 3:43 0:24
Matt Nieto 0 0 0 0 0 1 3 1 0 1 0/2 19:41 3:53 5:07
Nick Seeler 0 0 0 -3 2 1 2 3 0 0 0/0 21:48 3:40 6:01
Nicolas Petan 0 1 1 -2 2 1 4 1 0 0 0/1 16:49 3:43 0:53
Robert Hagg 0 0 0 1 4 3 3 1 0 2 0/0 24:02 3:25 4:52
Ronan Seeley 0 0 0 -3 0 0 0 2 0 1 0/0 22:32 3:40 6:11
Ross Colton 0 0 0 0 0 1 2 2 1 1 8/25 19:41 3:53 5:07
Samuel Knazko 0 0 0 0 0 0 1 2 0 0 0/0 15:28 0:36 1:48
Scott Reedy 0 0 0 1 0 0 0 1 0 0 0/4 7:10 0:00 0:00
Walker Duehr 0 0 0 0 0 2 1 0 0 0 0/0 10:45 0:00 1:02
William Carrier 2 0 2 -2 0 6 2 0 1 0 2/8 21:12 3:17 6:16
Players Stats for Sarnia Sailors
Player Name G A P +/- PIM S H SB GA TA FO MP PP MP PK MP
------------------------------------------------------------------------------------
Adam Erne 0 0 0 0 0 1 2 0 1 0 0/0 10:22 0:00 0:00
Adam Ginning 0 0 0 0 0 2 1 1 1 0 0/0 22:48 4:26 4:10
Cole Reinhardt 0 0 0 0 0 1 1 1 0 0 0/0 14:36 5:17 0:15
Daniel Torgersson 0 0 0 -1 0 1 0 0 0 0 0/0 6:34 0:00 0:00
Declan Chisholm 0 0 0 1 0 3 0 0 0 0 0/0 17:00 0:00 3:31
Dominic Toninato 0 0 0 0 0 5 2 0 1 0 2/3 15:27 0:09 4:13
Jack Rathbone 0 1 1 2 0 2 2 0 0 0 0/0 27:41 7:47 4:10
Jamie Drysdale 0 3 3 3 0 3 1 1 0 0 0/0 27:09 7:47 3:31
Jesse Puljujarvi 0 0 0 0 0 3 1 0 0 1 0/0 14:10 5:17 0:00
Jett Woo 0 0 0 -1 6 1 4 3 0 0 0/0 15:17 4:26 0:00
Keegan Kolesar 3 1 4 3 2 8 2 1 0 0 2/2 21:06 6:47 0:57
Kevin Stenlund 0 1 1 2 2 5 0 0 2 1 26/33 21:27 5:17 3:08
Laurent Dauphin 0 0 0 -1 0 0 3 0 0 0 2/2 9:07 0:00 2:22
Lucas Edmonds 0 0 0 0 2 2 1 0 0 0 0/0 11:13 0:09 0:00
Samuel Walker 0 1 1 0 0 0 1 0 1 0 1/1 10:11 0:09 2:16
Tristen Nielsen 1 1 2 1 0 4 1 0 0 0 12/23 18:16 6:47 2:05
Vasily Podkolzin 1 1 2 2 0 3 1 0 1 0 0/1 19:41 6:47 0:00
Zach Uens 0 0 0 -1 0 0 0 0 0 0 0/0 10:09 0:00 0:06
3 Stars
1 - Keegan Kolesar (SAR)
2 - Jamie Drysdale (SAR)
3 - Vasily Podkolzin (SAR)
Power Play
Tucson Roadrunners - 2 on 6 Attempt(s) - 33.33%
Sarnia Sailors - 2 on 8 Attempt(s) - 25.00%
Penalty Kill
Tucson Roadrunners - 6 on 8 Attempt(s) - 75.00%
- Score 0 goal in Penalty Kill
Sarnia Sailors - 4 on 6 Attempt(s) - 66.67%
- Score 0 goal in Penalty Kill
Team Stat
Tucson Roadrunners - Hits : 29 - Faceoff Wins : 20 - Blocked Shots : 16 - Penalty Minutes : 16
Sarnia Sailors - Hits : 23 - Faceoff Wins : 45 - Blocked Shots : 7 - Penalty Minutes : 12
Official
Referees : Evgeny Romasko and Brian Pochmara
Linesman : Mark Wheler and Brad Kovachik
Game Notes
Keegan Kolesar has scored a Hat Trick!
Tucson Roadrunners
5 vs 5 Forward
Center Left Wing Right Wing Time % Phy DF OF
1 Ross Colton Matt Nieto Brock McGinn 30 1 2 2
2 Mark Jankowski William Carrier Nicolas Petan 30 1 2 2
3 Benjamin Jones Anthony Richard Walker Duehr 25 1 2 2
4 Scott Reedy Marian Studenic Fabian Lysell 15 1 2 2
5 vs 5 Defense
Defense Defense Time % Phy DF OF
1 Carson Soucy Robert Hagg 30 1 2 2
2 Nick Seeler Ronan Seeley 30 1 2 2
3 Samuel Knazko Corson Ceulemans 25 1 2 2
4 Carson Soucy Robert Hagg 15 1 2 2
PowerPlay Forward
Center Left Wing Right Wing Time % Phy DF OF
1 Ross Colton Matt Nieto Brock McGinn 50 1 2 2
2 Mark Jankowski William Carrier Nicolas Petan 50 1 2 2
PowerPlay Defense
Defense Defense Time % Phy DF OF
1 Carson Soucy Robert Hagg 50 1 2 2
2 Nick Seeler Ronan Seeley 50 1 2 2
Penalty Kill 4 Players Forward
Center Wing Time % Phy DF OF
1 Ross Colton Matt Nieto 50 1 2 2
2 William Carrier Brock McGinn 50 1 2 2
Penalty Kill 4 Players Defense
Defense Defense Time % Phy DF OF
1 Carson Soucy Robert Hagg 50 1 2 2
2 Nick Seeler Ronan Seeley 50 1 2 2
Penalty Kill - 3 Players Forward
Forward Time % Phy DF OF
1 Ross Colton 50 1 2 2
2 Matt Nieto 50 1 2 2
Penalty Kill - 3 Players Defense
Defense Defense Time % Phy DF OF
1 Carson Soucy Robert Hagg 50 1 2 2
2 Nick Seeler Ronan Seeley 50 1 2 2
4 vs 4 Forward
Center Wing Time % Phy DF OF
1 Ross Colton Matt Nieto 50 1 2 2
2 William Carrier Brock McGinn 50 1 2 2
4 vs 4 Defense
Defense Defense Time % Phy DF OF
1 Carson Soucy Robert Hagg 50 1 2 2
2 Nick Seeler Ronan Seeley 50 1 2 2
Last Minutes Offensive
Center Left Wing Right Wing Defense Defense
Ross Colton Matt Nieto Brock McGinn Carson Soucy Robert Hagg
Last Minutes Defensive
Center Left Wing Right Wing Defense Defense
Ross Colton Matt Nieto Brock McGinn Carson Soucy Robert Hagg
Goaltenders
Starting : Elvis Merzlikins
Backup : Jaroslav Halak
Extra Forwards
Normal : Benjamin Jones, Anthony Richard, Walker Duehr - PP : Benjamin Jones, Anthony Richard - PK : Walker Duehr
Extra Defensemen
Normal : Samuel Knazko, Corson Ceulemans, Nick Seeler - PP : Samuel Knazko - PK : Corson Ceulemans, Nick Seeler
Penalty Shots
Ross Colton, Matt Nieto, William Carrier, Brock McGinn, Mark Jankowski
Sarnia Sailors
5 vs 5 Forward
Center Left Wing Right Wing Time % Phy DF OF
1 Kevin Stenlund Vasily Podkolzin Keegan Kolesar 40 2 1 2
2 Tristen Nielsen Cole Reinhardt Jesse Puljujarvi 30 2 1 2
3 Dominic Toninato Adam Erne Lucas Edmonds 20 1 2 2
4 Laurent Dauphin Daniel Torgersson Samuel Walker 10 2 1 2
5 vs 5 Defense
Defense Defense Time % Phy DF OF
1 Jamie Drysdale Jack Rathbone 40 1 2 2
2 Declan Chisholm Adam Ginning 30 2 1 2
3 Zach Uens Jett Woo 20 2 2 1
4 Adam Ginning Jack Rathbone 10 1 2 2
PowerPlay Forward
Center Left Wing Right Wing Time % Phy DF OF
1 Tristen Nielsen Vasily Podkolzin Keegan Kolesar 60 0 1 4
2 Kevin Stenlund Cole Reinhardt Jesse Puljujarvi 40 0 1 4
PowerPlay Defense
Defense Defense Time % Phy DF OF
1 Jamie Drysdale Jack Rathbone 60 1 1 3
2 Adam Ginning Jett Woo 40 2 1 2
Penalty Kill 4 Players Forward
Center Wing Time % Phy DF OF
1 Kevin Stenlund Dominic Toninato 60 2 2 1
2 Laurent Dauphin Keegan Kolesar 40 2 2 1
Penalty Kill 4 Players Defense
Defense Defense Time % Phy DF OF
1 Adam Ginning Jack Rathbone 60 2 1 2
2 Declan Chisholm Jamie Drysdale 40 2 2 1
Penalty Kill - 3 Players Forward
Forward Time % Phy DF OF
1 Kevin Stenlund 60 2 2 1
2 Tristen Nielsen 40 2 2 1
Penalty Kill - 3 Players Defense
Defense Defense Time % Phy DF OF
1 Adam Ginning Jack Rathbone 60 2 1 2
2 Declan Chisholm Jamie Drysdale 40 2 2 1
4 vs 4 Forward
Center Wing Time % Phy DF OF
1 Kevin Stenlund Keegan Kolesar 60 2 1 2
2 Tristen Nielsen Vasily Podkolzin 40 2 1 2
4 vs 4 Defense
Defense Defense Time % Phy DF OF
1 Declan Chisholm Jack Rathbone 60 1 2 2
2 Jamie Drysdale Adam Ginning 40 2 1 2
Last Minutes Offensive
Center Left Wing Right Wing Defense Defense
Tristen Nielsen Vasily Podkolzin Keegan Kolesar Jamie Drysdale Jack Rathbone
Last Minutes Defensive
Center Left Wing Right Wing Defense Defense
Kevin Stenlund Dominic Toninato Tristen Nielsen Jamie Drysdale Jack Rathbone
Goaltenders
Starting : Remi Poirier
Backup : Dylan Ferguson
Extra Forwards
Normal : Samuel Walker, Cole Reinhardt, Lucas Edmonds - PP : Samuel Walker, Cole Reinhardt - PK : Dominic Toninato
Extra Defensemen
Normal : Zach Uens, Declan Chisholm, Jamie Drysdale - PP : Jamie Drysdale - PK : Zach Uens, Declan Chisholm
Penalty Shots
Kevin Stenlund, Keegan Kolesar, Dominic Toninato, Jesse Puljujarvi, Vasily Podkolzin
% Time on Ice - Tucson Roadrunners
Lines # - Real PCT - Wanted PCT - Time Play
Normal Forward
1 - 31% - 30% - 12:28
2 - 29% - 30% - 11:39
3 - 22% - 25% - 8:49
4 - 18% - 15% - 7:10
Normal Defense
1 - 31% - 30% - 12:22
2 - 32% - 30% - 12:41
3 - 29% - 25% - 11:27
4 - 9% - 15% - 3:36
PP Forward
1 - 52% - 50% - 3:58
2 - 48% - 50% - 3:43
PP Defense
1 - 52% - 50% - 4:01
2 - 48% - 50% - 3:40
PK Forward
1 - 49% - 50% - 5:57
2 - 51% - 50% - 6:16
PK Defense
1 - 49% - 50% - 6:02
2 - 51% - 50% - 6:11
PK3 Forward
1 - 0% - 50%
2 - 0% - 50%
PK3 Defense
1 - 0% - 50%
2 - 0% - 50%
44 Forward
1 - 0% - 50%
2 - 0% - 50%
44 Defense
1 - 0% - 50%
2 - 0% - 50%
Last Minute Offensive - 0:00
Last Minute Defensive - 0:00
Total
Forward - 60:00
Defense - 60:00
|
% Time on Ice - Sarnia Sailors
Lines # - Real PCT - Wanted PCT - Time Play
Normal Forward
1 - 36% - 40% - 14:17
2 - 22% - 30% - 8:53
3 - 26% - 20% - 10:22
4 - 16% - 10% - 6:34
Normal Defense
1 - 39% - 40% - 15:45
2 - 37% - 30% - 14:54
3 - 24% - 20% - 9:27
4 - 0% - 10% - 0:00
PP Forward
1 - 57% - 60% - 6:56
2 - 43% - 40% - 5:17
PP Defense
1 - 64% - 60% - 7:47
2 - 36% - 40% - 4:26
PK Forward
1 - 79% - 60% - 6:05
2 - 21% - 40% - 1:36
PK Defense
1 - 54% - 60% - 4:10
2 - 46% - 40% - 3:31
PK3 Forward
1 - 0% - 60%
2 - 0% - 40%
PK3 Defense
1 - 0% - 60%
2 - 0% - 40%
44 Forward
1 - 0% - 60%
2 - 0% - 40%
44 Defense
1 - 0% - 60%
2 - 0% - 40%
Last Minute Offensive - 0:00
Last Minute Defensive - 0:00
Total
Forward - 60:00
Defense - 60:00
|
Play-by-Play
1st period
0:01 of 1st period - Kevin Stenlund wins face-off versus Ross Colton in neutral zone.
0:06 of 1st period - Wrist shot by Vasily Podkolzin.
0:06 of 1st period - Shot Misses the Net.
0:48 of 1st period - Walker Duehr is hit by Laurent Dauphin.
1:14 of 1st period - Snap shot by Keegan Kolesar.
1:14 of 1st period - Shot Hit the Post.
1:16 of 1st period - Snap shot by Vasily Podkolzin.
1:16 of 1st period - Shot Blocked by Samuel Knazko.
1:18 of 1st period - Wrist shot by Keegan Kolesar.
1:18 of 1st period - Shot Misses the Net.
1:20 of 1st period - Wrist shot by Kevin Stenlund.
1:20 of 1st period - Stopped by Elvis Merzlikins with a rebound.
1:22 of 1st period - Wrist shot by Kevin Stenlund.
1:22 of 1st period - Shot Blocked by Scott Reedy.
1:24 of 1st period - Slapshot by Declan Chisholm.
1:24 of 1st period - Shot Misses the Net.
1:34 of 1st period - Snap shot by Ross Colton.
1:34 of 1st period - Stopped by Remi Poirier with a rebound.
1:36 of 1st period - Wrist shot by Matt Nieto.
1:36 of 1st period - Shot Blocked by Jett Woo.
1:54 of 1st period - Matt Nieto is hit by Jett Woo and loses puck.
2:21 of 1st period - Slapshot by William Carrier.
2:21 of 1st period - Shot Misses the Net.
2:56 of 1st period - Slapshot by Fabian Lysell.
2:56 of 1st period - Stopped by Remi Poirier with a rebound.
3:14 of 1st period - Cole Reinhardt is hit by Nicolas Petan and loses puck.
3:20 of 1st period - Off-side.
3:21 of 1st period - Kevin Stenlund wins face-off versus Anthony Richard in neutral zone.
3:24 of 1st period - Snap shot by Keegan Kolesar.
3:24 of 1st period - Shot Blocked by Ronan Seeley.
3:26 of 1st period - Slapshot by Keegan Kolesar.
3:26 of 1st period - Shot Blocked by Nick Seeler.
3:28 of 1st period - Slapshot by Kevin Stenlund.
3:28 of 1st period - Shot Misses the Net.
3:42 of 1st period - Minor Penalty to Nick Seeler for Holding.
3:43 of 1st period - Ross Colton wins face-off versus Tristen Nielsen in Tucson Roadrunners zone.
3:43 of 1st period - Ross Colton is hit by Jamie Drysdale.
3:59 of 1st period - Snap shot by Tristen Nielsen.
3:59 of 1st period - Shot Blocked by Robert Hagg.
4:16 of 1st period - Slapshot by Jamie Drysdale.
4:16 of 1st period - Shot Misses the Net.
4:18 of 1st period - Wrist shot by Cole Reinhardt.
4:18 of 1st period - Stopped by Elvis Merzlikins without a rebound.
4:19 of 1st period - Ross Colton wins face-off versus Tristen Nielsen in Tucson Roadrunners zone.
4:19 of 1st period - Ross Colton is hit by Tristen Nielsen.
4:45 of 1st period - Snap shot by Jamie Drysdale.
4:45 of 1st period - Deflect By Cole Reinhardt.
4:45 of 1st period - Shot Misses the Net.
4:45 of 1st period - Puck is out of play.
4:46 of 1st period - Kevin Stenlund wins face-off versus Matt Nieto in Tucson Roadrunners zone.
5:42 of 1st period - Penalty to Nick Seeler is over, Nick Seeler is back on ice.
5:53 of 1st period - Dominic Toninato is hit by Walker Duehr.
6:13 of 1st period - Slapshot by Walker Duehr.
6:13 of 1st period - Shot Misses the Net.
6:30 of 1st period - Ronan Seeley is hit by Cole Reinhardt.
6:34 of 1st period - Jesse Puljujarvi is hit by Robert Hagg and loses puck.
6:47 of 1st period - Adam Ginning is hit by Robert Hagg and loses puck.
8:18 of 1st period - Keegan Kolesar is hit by Corson Ceulemans and loses puck.
9:10 of 1st period - Adam Erne is hit by William Carrier and loses puck.
9:37 of 1st period - Off-side.
9:38 of 1st period - Tristen Nielsen wins face-off versus Benjamin Jones in neutral zone.
10:05 of 1st period - Jett Woo is hit by Carson Soucy and loses puck.
10:53 of 1st period - Ronan Seeley is hit by Laurent Dauphin and loses puck.
11:45 of 1st period - Wrist shot by Adam Erne.
11:45 of 1st period - Shot Hit the Post.
11:47 of 1st period - Slapshot by Adam Ginning.
11:47 of 1st period - Deflect By Brock McGinn.
11:47 of 1st period - Stopped by Elvis Merzlikins without a rebound.
11:48 of 1st period - Kevin Stenlund wins face-off versus Mark Jankowski in Tucson Roadrunners zone.
12:09 of 1st period - Minor Penalty to Keegan Kolesar for Roughing.
12:10 of 1st period - Kevin Stenlund wins face-off versus Ross Colton in Sarnia Sailors zone.
12:23 of 1st period - Ross Colton is hit by Adam Ginning and loses puck.
14:09 of 1st period - Penalty to Keegan Kolesar is over, Keegan Kolesar is back on ice.
14:21 of 1st period - Snap shot by Tristen Nielsen.
14:21 of 1st period - Stopped by Elvis Merzlikins with a rebound.
14:23 of 1st period - Slapshot by Jett Woo.
14:23 of 1st period - Shot Blocked by Nick Seeler.
14:33 of 1st period - Snap shot by Samuel Walker.
14:33 of 1st period - Shot Blocked by Anthony Richard.
14:35 of 1st period - Wrist shot by Tristen Nielsen.
14:35 of 1st period - Shot Misses the Net.
14:37 of 1st period - Snap shot by Keegan Kolesar.
14:37 of 1st period - Goal by Keegan Kolesar - Tucson Roadrunners : 0 - Sarnia Sailors : 1.
14:38 of 1st period - Mark Jankowski wins face-off versus Kevin Stenlund in neutral zone.
14:41 of 1st period - Wrist shot by Nicolas Petan.
14:41 of 1st period - Shot Misses the Net.
14:43 of 1st period - Wrist shot by William Carrier.
14:43 of 1st period - Stopped by Remi Poirier without a rebound.
14:44 of 1st period - Mark Jankowski wins face-off versus Kevin Stenlund in Sarnia Sailors zone.
15:18 of 1st period - Minor Penalty to Carson Soucy for Hooking.
15:19 of 1st period - Tristen Nielsen wins face-off versus William Carrier in Tucson Roadrunners zone.
15:19 of 1st period - Wrist shot by Keegan Kolesar.
15:19 of 1st period - Stopped by Elvis Merzlikins without a rebound.
15:20 of 1st period - Tristen Nielsen wins face-off versus William Carrier in Tucson Roadrunners zone.
15:55 of 1st period - Snap shot by Matt Nieto.
15:55 of 1st period - Stopped by Remi Poirier without a rebound.
15:56 of 1st period - William Carrier wins face-off versus Tristen Nielsen in Sarnia Sailors zone.
16:09 of 1st period - Robert Hagg is hit by Jett Woo and loses puck.
17:18 of 1st period - Penalty to Carson Soucy is over, Carson Soucy is back on ice.
17:30 of 1st period - Snap shot by Brock McGinn.
17:30 of 1st period - Shot Blocked by Jett Woo.
18:06 of 1st period - Wrist shot by Walker Duehr.
18:06 of 1st period - Stopped by Remi Poirier with a rebound.
18:08 of 1st period - Snap shot by Benjamin Jones.
18:08 of 1st period - Stopped by Remi Poirier with a rebound.
18:10 of 1st period - Slapshot by Robert Hagg.
18:10 of 1st period - Stopped by Remi Poirier with a rebound.
18:22 of 1st period - Minor Penalty to Lucas Edmonds for Holding Stick.
18:23 of 1st period - Mark Jankowski wins face-off versus Kevin Stenlund in Sarnia Sailors zone.
19:14 of 1st period - Jack Rathbone is hit by Carson Soucy and loses puck.
19:25 of 1st period - Keegan Kolesar is hit by Matt Nieto and loses puck.
19:58 of 1st period - Kevin Stenlund is hit by Mark Jankowski and loses puck.
Goals for this period are 0 for Tucson Roadrunners vs 1 for Sarnia Sailors.
Shots for this period are 7 for Tucson Roadrunners vs 6 for Sarnia Sailors.
2nd period
0:01 of 2nd period - Kevin Stenlund wins face-off versus Mark Jankowski in neutral zone.
0:15 of 2nd period - Snap shot by William Carrier.
0:15 of 2nd period - Goal by William Carrier - Tucson Roadrunners : 1 - Sarnia Sailors : 1.
0:16 of 2nd period - Kevin Stenlund wins face-off versus Brock McGinn in neutral zone.
0:27 of 2nd period - Wrist shot by Vasily Podkolzin.
0:27 of 2nd period - Shot Blocked by Ross Colton.
0:29 of 2nd period - Slapshot by Jack Rathbone.
0:29 of 2nd period - Stopped by Elvis Merzlikins with a rebound.
1:26 of 2nd period - Snap shot by Marian Studenic.
1:26 of 2nd period - Shot Misses the Net.
1:28 of 2nd period - Wrist shot by Fabian Lysell.
1:28 of 2nd period - Shot Blocked by Jett Woo.
1:30 of 2nd period - Slapshot by Carson Soucy.
1:30 of 2nd period - Deflect By Fabian Lysell.
1:30 of 2nd period - Goal by Fabian Lysell - Tucson Roadrunners : 2 - Sarnia Sailors : 1.
1:31 of 2nd period - Kevin Stenlund wins face-off versus Ross Colton in neutral zone.
1:33 of 2nd period - Off-side.
1:34 of 2nd period - Kevin Stenlund wins face-off versus Ross Colton in neutral zone.
1:41 of 2nd period - Wrist shot by Vasily Podkolzin.
1:41 of 2nd period - Deflect By Matt Nieto.
1:41 of 2nd period - Shot Misses the Net.
1:41 of 2nd period - Puck is out of play.
1:42 of 2nd period - Kevin Stenlund wins face-off versus Ross Colton in Tucson Roadrunners zone.
1:49 of 2nd period - Slapshot by Jamie Drysdale.
1:49 of 2nd period - Shot Blocked by Ross Colton.
2:32 of 2nd period - Carson Soucy is hit by Dominic Toninato and loses puck.
2:55 of 2nd period - Snap shot by Walker Duehr.
2:55 of 2nd period - Stopped by Remi Poirier with a rebound.
3:10 of 2nd period - Off-side.
3:11 of 2nd period - Kevin Stenlund wins face-off versus Ross Colton in neutral zone.
3:20 of 2nd period - Ronan Seeley is hit by Vasily Podkolzin and loses puck.
3:27 of 2nd period - Snap shot by Matt Nieto.
3:27 of 2nd period - Shot Blocked by Jamie Drysdale.
3:41 of 2nd period - Wrist shot by Tristen Nielsen.
3:41 of 2nd period - Stopped by Elvis Merzlikins without a rebound.
3:42 of 2nd period - Tristen Nielsen wins face-off versus Mark Jankowski in Tucson Roadrunners zone.
3:43 of 2nd period - Snap shot by Jesse Puljujarvi.
3:43 of 2nd period - Stopped by Elvis Merzlikins with a rebound.
3:45 of 2nd period - Minor Penalty to Carson Soucy for Slashing.
3:46 of 2nd period - Keegan Kolesar wins face-off versus Ross Colton in Tucson Roadrunners zone.
3:47 of 2nd period - Slapshot by Jamie Drysdale.
3:47 of 2nd period - Shot Blocked by Ronan Seeley.
3:49 of 2nd period - Wrist shot by Tristen Nielsen.
3:49 of 2nd period - Goal by Tristen Nielsen - Tucson Roadrunners : 2 - Sarnia Sailors : 2.
3:50 of 2nd period - Kevin Stenlund wins face-off versus Ross Colton in neutral zone.
4:15 of 2nd period - Snap shot by Jesse Puljujarvi.
4:15 of 2nd period - Stopped by Elvis Merzlikins without a rebound.
4:16 of 2nd period - Mark Jankowski wins face-off versus Tristen Nielsen in Tucson Roadrunners zone.
4:27 of 2nd period - Nicolas Petan is hit by Jesse Puljujarvi and loses puck.
5:11 of 2nd period - Slapshot by Anthony Richard.
5:11 of 2nd period - Shot Misses the Net.
5:20 of 2nd period - Off-side.
5:21 of 2nd period - Laurent Dauphin wins face-off versus Scott Reedy in neutral zone.
5:24 of 2nd period - Scott Reedy is hit by Laurent Dauphin and loses puck.
5:40 of 2nd period - Minor Penalty to Fabian Lysell for Holding.
5:41 of 2nd period - Ross Colton wins face-off versus Tristen Nielsen in Tucson Roadrunners zone.
5:41 of 2nd period - Ross Colton is hit by Keegan Kolesar.
6:21 of 2nd period - Snap shot by Jesse Puljujarvi.
6:21 of 2nd period - Stopped by Elvis Merzlikins without a rebound.
6:22 of 2nd period - Tristen Nielsen wins face-off versus Ross Colton in Tucson Roadrunners zone.
6:23 of 2nd period - Snap shot by Keegan Kolesar.
6:23 of 2nd period - Stopped by Elvis Merzlikins with a rebound.
6:25 of 2nd period - Slapshot by Adam Ginning.
6:25 of 2nd period - Stopped by Elvis Merzlikins with a rebound.
7:40 of 2nd period - Penalty to Fabian Lysell is over, Fabian Lysell is back on ice.
7:46 of 2nd period - Snap shot by Dominic Toninato.
7:46 of 2nd period - Deflect By Adam Erne.
7:46 of 2nd period - Shot Blocked by Fabian Lysell.
7:46 of 2nd period - Puck is out of play.
7:47 of 2nd period - Benjamin Jones wins face-off versus Dominic Toninato in Tucson Roadrunners zone.
7:47 of 2nd period - Benjamin Jones is hit by Adam Erne.
7:57 of 2nd period - Wrist shot by Dominic Toninato.
7:57 of 2nd period - Stopped by Elvis Merzlikins with a rebound.
7:59 of 2nd period - Snap shot by Declan Chisholm.
7:59 of 2nd period - Stopped by Elvis Merzlikins with a rebound.
8:01 of 2nd period - Snap shot by Dominic Toninato.
8:01 of 2nd period - Stopped by Elvis Merzlikins with a rebound.
8:13 of 2nd period - Fabian Lysell is hit by Samuel Walker and loses puck.
8:57 of 2nd period - Matt Nieto is hit by Lucas Edmonds and loses puck.
9:17 of 2nd period - Jack Rathbone is hit by Ross Colton.
9:26 of 2nd period - Dominic Toninato is hit by Matt Nieto and loses puck.
10:28 of 2nd period - Minor Penalty to Robert Hagg for High sticking.
10:29 of 2nd period - Tristen Nielsen wins face-off versus William Carrier in Tucson Roadrunners zone.
10:35 of 2nd period - Snap shot by Jamie Drysdale.
10:35 of 2nd period - Deflect By Keegan Kolesar.
10:35 of 2nd period - Shot Misses the Net.
10:35 of 2nd period - Puck is out of play.
10:36 of 2nd period - Tristen Nielsen wins face-off versus William Carrier in Tucson Roadrunners zone.
11:09 of 2nd period - Nicolas Petan is hit by Jack Rathbone and loses puck.
11:24 of 2nd period - Nicolas Petan is hit by Jett Woo and loses puck.
12:28 of 2nd period - Penalty to Robert Hagg is over, Robert Hagg is back on ice.
13:28 of 2nd period - Jamie Drysdale is hit by Nick Seeler and loses puck.
14:04 of 2nd period - Wrist shot by Mark Jankowski.
14:04 of 2nd period - Deflect By Declan Chisholm.
14:04 of 2nd period - Stopped by Remi Poirier without a rebound.
14:05 of 2nd period - Kevin Stenlund wins face-off versus Mark Jankowski in Sarnia Sailors zone.
14:23 of 2nd period - Minor Penalty to Kevin Stenlund for Slashing.
14:24 of 2nd period - Tristen Nielsen wins face-off versus Ross Colton in Sarnia Sailors zone.
14:32 of 2nd period - Off-side.
14:33 of 2nd period - Ross Colton wins face-off versus Tristen Nielsen in neutral zone.
14:38 of 2nd period - Jack Rathbone is hit by Brock McGinn and loses puck.
15:03 of 2nd period - Declan Chisholm is hit by Nicolas Petan.
16:05 of 2nd period - Tristen Nielsen is hit by Nicolas Petan and loses puck.
16:23 of 2nd period - Penalty to Kevin Stenlund is over, Kevin Stenlund is back on ice.
16:33 of 2nd period - Icing by Robert Hagg.
16:34 of 2nd period - Benjamin Jones wins face-off versus Kevin Stenlund in Tucson Roadrunners zone.
16:34 of 2nd period - Benjamin Jones is hit by Jett Woo.
16:40 of 2nd period - Benjamin Jones is hit by Keegan Kolesar and loses puck.
17:21 of 2nd period - Slapshot by Jamie Drysdale.
17:21 of 2nd period - Stopped by Elvis Merzlikins with a rebound.
17:23 of 2nd period - Snap shot by Dominic Toninato.
17:23 of 2nd period - Shot Misses the Net.
17:25 of 2nd period - Wrist shot by Lucas Edmonds.
17:25 of 2nd period - Shot Blocked by Matt Nieto.
17:27 of 2nd period - Slapshot by Jamie Drysdale.
17:27 of 2nd period - Shot Misses the Net.
17:57 of 2nd period - Wrist shot by Daniel Torgersson.
17:57 of 2nd period - Stopped by Elvis Merzlikins with a rebound.
17:59 of 2nd period - Slapshot by Daniel Torgersson.
17:59 of 2nd period - Deflect By Laurent Dauphin.
17:59 of 2nd period - Shot Blocked by Samuel Knazko.
17:59 of 2nd period - Puck is out of play.
18:00 of 2nd period - Kevin Stenlund wins face-off versus Mark Jankowski in Tucson Roadrunners zone.
18:01 of 2nd period - Wrist shot by Keegan Kolesar.
18:01 of 2nd period - Shot Blocked by Nicolas Petan.
18:13 of 2nd period - Wrist shot by Vasily Podkolzin.
18:13 of 2nd period - Stopped by Elvis Merzlikins without a rebound.
18:14 of 2nd period - Benjamin Jones wins face-off versus Tristen Nielsen in Tucson Roadrunners zone.
18:19 of 2nd period - Slapshot by Nick Seeler.
18:19 of 2nd period - Stopped by Remi Poirier with a rebound.
19:03 of 2nd period - Off-side.
19:04 of 2nd period - Dominic Toninato wins face-off versus Scott Reedy in neutral zone.
19:24 of 2nd period - Slapshot by Marian Studenic.
19:24 of 2nd period - Stopped by Remi Poirier without a rebound.
19:25 of 2nd period - Mark Jankowski wins face-off versus Tristen Nielsen in Sarnia Sailors zone.
19:30 of 2nd period - Wrist shot by William Carrier.
19:30 of 2nd period - Shot Misses the Net.
19:32 of 2nd period - Wrist shot by Mark Jankowski.
19:32 of 2nd period - Shot Misses the Net.
19:34 of 2nd period - Wrist shot by William Carrier.
19:34 of 2nd period - Stopped by Remi Poirier with a rebound.
19:50 of 2nd period - Zach Uens is hit by Anthony Richard and loses puck.
Goals for this period are 2 for Tucson Roadrunners vs 1 for Sarnia Sailors.
Shots for this period are 7 for Tucson Roadrunners vs 14 for Sarnia Sailors.
3rd period
0:01 of 3rd period - Kevin Stenlund wins face-off versus Mark Jankowski in neutral zone.
0:08 of 3rd period - Slapshot by Jamie Drysdale.
0:08 of 3rd period - Shot Misses the Net.
0:10 of 3rd period - Slapshot by Jack Rathbone.
0:10 of 3rd period - Deflect By Vasily Podkolzin.
0:10 of 3rd period - Goal by Vasily Podkolzin - Tucson Roadrunners : 2 - Sarnia Sailors : 3.
0:11 of 3rd period - Keegan Kolesar wins face-off versus Mark Jankowski in neutral zone.
0:16 of 3rd period - Snap shot by Vasily Podkolzin.
0:16 of 3rd period - Stopped by Elvis Merzlikins without a rebound.
0:17 of 3rd period - Kevin Stenlund wins face-off versus William Carrier in Tucson Roadrunners zone.
0:24 of 3rd period - Wrist shot by Keegan Kolesar.
0:24 of 3rd period - Stopped by Elvis Merzlikins without a rebound.
0:25 of 3rd period - Kevin Stenlund wins face-off versus Mark Jankowski in Tucson Roadrunners zone.
0:28 of 3rd period - Snap shot by Keegan Kolesar.
0:28 of 3rd period - Stopped by Elvis Merzlikins with a rebound.
0:57 of 3rd period - Wrist shot by Tristen Nielsen.
0:57 of 3rd period - Stopped by Elvis Merzlikins with a rebound.
1:14 of 3rd period - Jack Rathbone is hit by Carson Soucy.
1:40 of 3rd period - Slapshot by Robert Hagg.
1:40 of 3rd period - Deflect By Jamie Drysdale.
1:40 of 3rd period - Stopped by Remi Poirier with a rebound.
2:00 of 3rd period - Snap shot by Mark Jankowski.
2:00 of 3rd period - Stopped by Remi Poirier with a rebound.
2:03 of 3rd period - Icing by Declan Chisholm.
2:04 of 3rd period - Kevin Stenlund wins face-off versus Mark Jankowski in Sarnia Sailors zone.
2:17 of 3rd period - Icing by Nicolas Petan.
2:18 of 3rd period - Mark Jankowski wins face-off versus Tristen Nielsen in Tucson Roadrunners zone.
3:07 of 3rd period - Laurent Dauphin is hit by William Carrier and loses puck.
3:54 of 3rd period - Wrist shot by Kevin Stenlund.
3:54 of 3rd period - Stopped by Elvis Merzlikins with a rebound.
4:12 of 3rd period - Snap shot by William Carrier.
4:12 of 3rd period - Shot Misses the Net.
4:14 of 3rd period - Wrist shot by William Carrier.
4:14 of 3rd period - Deflect By Nicolas Petan.
4:14 of 3rd period - Stopped by Remi Poirier with a rebound.
4:16 of 3rd period - Wrist shot by William Carrier.
4:16 of 3rd period - Stopped by Remi Poirier with a rebound.
4:18 of 3rd period - Slapshot by Corson Ceulemans.
4:18 of 3rd period - Stopped by Remi Poirier with a rebound.
4:20 of 3rd period - Slapshot by Corson Ceulemans.
4:20 of 3rd period - Stopped by Remi Poirier without a rebound.
4:21 of 3rd period - Tristen Nielsen wins face-off versus Anthony Richard in Sarnia Sailors zone.
4:21 of 3rd period - Tristen Nielsen is hit by Anthony Richard.
4:43 of 3rd period - Icing by Cole Reinhardt.
4:44 of 3rd period - Tristen Nielsen wins face-off versus Matt Nieto in Sarnia Sailors zone.
4:44 of 3rd period - Tristen Nielsen is hit by Ross Colton.
4:56 of 3rd period - Slapshot by Jamie Drysdale.
4:56 of 3rd period - Stopped by Elvis Merzlikins without a rebound.
4:57 of 3rd period - Kevin Stenlund wins face-off versus Ross Colton in Tucson Roadrunners zone.
5:54 of 3rd period - Wrist shot by Scott Reedy.
5:54 of 3rd period - Deflect By Fabian Lysell.
5:54 of 3rd period - Stopped by Remi Poirier with a rebound.
5:56 of 3rd period - Slapshot by Nick Seeler.
5:56 of 3rd period - Shot Misses the Net.
5:58 of 3rd period - Wrist shot by Fabian Lysell.
5:58 of 3rd period - Shot Misses the Net.
6:12 of 3rd period - Snap shot by Ross Colton.
6:12 of 3rd period - Shot Blocked by Adam Ginning.
6:14 of 3rd period - Wrist shot by Robert Hagg.
6:14 of 3rd period - Stopped by Remi Poirier with a rebound.
6:30 of 3rd period - Slapshot by Declan Chisholm.
6:30 of 3rd period - Shot Misses the Net.
6:36 of 3rd period - Declan Chisholm is hit by Fabian Lysell.
6:50 of 3rd period - Wrist shot by Benjamin Jones.
6:50 of 3rd period - Shot Blocked by Cole Reinhardt.
6:52 of 3rd period - Slapshot by Anthony Richard.
6:52 of 3rd period - Shot Misses the Net.
7:19 of 3rd period - Lucas Edmonds is hit by Samuel Knazko and loses puck.
7:23 of 3rd period - Icing by Jett Woo.
7:24 of 3rd period - Dominic Toninato wins face-off versus Ross Colton in Sarnia Sailors zone.
7:48 of 3rd period - Minor Penalty to Jett Woo for Holding.
7:49 of 3rd period - Mark Jankowski wins face-off versus Kevin Stenlund in Sarnia Sailors zone.
7:51 of 3rd period - Backhand shot by William Carrier.
7:51 of 3rd period - Goal by William Carrier - Tucson Roadrunners : 3 - Sarnia Sailors : 3.
7:52 of 3rd period - Kevin Stenlund wins face-off versus Ross Colton in neutral zone.
7:58 of 3rd period - Minor Penalty to Robert Hagg for Slashing.
7:59 of 3rd period - Ross Colton wins face-off versus Tristen Nielsen in Tucson Roadrunners zone.
8:13 of 3rd period - Snap shot by Keegan Kolesar.
8:13 of 3rd period - Goal by Keegan Kolesar - Tucson Roadrunners : 3 - Sarnia Sailors : 4.
8:14 of 3rd period - Kevin Stenlund wins face-off versus Nicolas Petan in neutral zone.
8:21 of 3rd period - Slapshot by Jamie Drysdale.
8:21 of 3rd period - Shot Misses the Net.
8:23 of 3rd period - Snap shot by Kevin Stenlund.
8:23 of 3rd period - Stopped by Elvis Merzlikins with a rebound.
8:41 of 3rd period - Brock McGinn is hit by Jack Rathbone and loses puck.
9:44 of 3rd period - Snap shot by Kevin Stenlund.
9:44 of 3rd period - Stopped by Elvis Merzlikins with a rebound.
9:54 of 3rd period - Snap shot by William Carrier.
9:54 of 3rd period - Stopped by Remi Poirier without a rebound.
9:55 of 3rd period - Ross Colton wins face-off versus Tristen Nielsen in Sarnia Sailors zone.
10:13 of 3rd period - Tristen Nielsen is hit by Brock McGinn.
10:31 of 3rd period - Jamie Drysdale is hit by Nicolas Petan and loses puck.
10:51 of 3rd period - Off-side.
10:52 of 3rd period - Kevin Stenlund wins face-off versus Benjamin Jones in neutral zone.
11:00 of 3rd period - Wrist shot by Vasily Podkolzin.
11:00 of 3rd period - Shot Blocked by Nick Seeler.
11:02 of 3rd period - Slapshot by Declan Chisholm.
11:02 of 3rd period - Deflect By Ronan Seeley.
11:02 of 3rd period - Stopped by Elvis Merzlikins with a rebound.
11:04 of 3rd period - Snap shot by Kevin Stenlund.
11:04 of 3rd period - Shot Misses the Net.
11:06 of 3rd period - Snap shot by Kevin Stenlund.
11:06 of 3rd period - Stopped by Elvis Merzlikins without a rebound.
11:07 of 3rd period - Ross Colton wins face-off versus Kevin Stenlund in Tucson Roadrunners zone.
11:14 of 3rd period - Wrist shot by Ross Colton.
11:14 of 3rd period - Shot Blocked by Keegan Kolesar.
11:32 of 3rd period - Jett Woo is hit by Nick Seeler and loses puck.
11:57 of 3rd period - Wrist shot by Anthony Richard.
11:57 of 3rd period - Stopped by Remi Poirier without a rebound.
11:58 of 3rd period - Kevin Stenlund wins face-off versus Ross Colton in Sarnia Sailors zone.
11:58 of 3rd period - Kevin Stenlund is hit by Carson Soucy.
12:08 of 3rd period - Slapshot by Keegan Kolesar.
12:08 of 3rd period - Stopped by Elvis Merzlikins without a rebound.
12:09 of 3rd period - William Carrier wins face-off versus Kevin Stenlund in Tucson Roadrunners zone.
12:11 of 3rd period - Minor Penalty to Carson Soucy for Interference.
12:12 of 3rd period - Ross Colton wins face-off versus Vasily Podkolzin in Tucson Roadrunners zone.
12:28 of 3rd period - Wrist shot by William Carrier.
12:28 of 3rd period - Shot Misses the Net.
13:46 of 3rd period - Kevin Stenlund is hit by Robert Hagg and loses puck.
14:11 of 3rd period - Penalty to Carson Soucy is over, Carson Soucy is back on ice.
14:16 of 3rd period - Icing by Dominic Toninato.
14:17 of 3rd period - Samuel Walker wins face-off versus Scott Reedy in Sarnia Sailors zone.
14:40 of 3rd period - Snap shot by Dominic Toninato.
14:40 of 3rd period - Stopped by Elvis Merzlikins with a rebound.
14:42 of 3rd period - Snap shot by Zach Uens.
14:42 of 3rd period - Shot Blocked by Marian Studenic.
14:44 of 3rd period - Slapshot by Jett Woo.
14:44 of 3rd period - Stopped by Elvis Merzlikins with a rebound.
14:46 of 3rd period - Wrist shot by Lucas Edmonds.
14:46 of 3rd period - Stopped by Elvis Merzlikins without a rebound.
14:47 of 3rd period - Kevin Stenlund wins face-off versus Mark Jankowski in Tucson Roadrunners zone.
14:48 of 3rd period - Snap shot by Keegan Kolesar.
14:48 of 3rd period - Goal by Keegan Kolesar - Tucson Roadrunners : 3 - Sarnia Sailors : 5.
14:49 of 3rd period - Kevin Stenlund wins face-off versus William Carrier in neutral zone.
14:57 of 3rd period - Minor Penalty to Nicolas Petan for High sticking.
14:58 of 3rd period - Tristen Nielsen wins face-off versus Ross Colton in Tucson Roadrunners zone.
15:10 of 3rd period - Slapshot by Jamie Drysdale.
15:10 of 3rd period - Stopped by Elvis Merzlikins with a rebound.
15:12 of 3rd period - Backhand shot by Jack Rathbone.
15:12 of 3rd period - Shot Misses the Net.
15:34 of 3rd period - Wrist shot by Jack Rathbone.
15:34 of 3rd period - Stopped by Elvis Merzlikins with a rebound.
15:36 of 3rd period - Snap shot by Jesse Puljujarvi.
15:36 of 3rd period - Shot Misses the Net.
16:57 of 3rd period - Penalty to Nicolas Petan is over, Nicolas Petan is back on ice.
17:11 of 3rd period - Nick Seeler is hit by Dominic Toninato.
17:17 of 3rd period - Wrist shot by Nicolas Petan.
17:17 of 3rd period - Shot Misses the Net.
17:27 of 3rd period - Snap shot by Dominic Toninato.
17:27 of 3rd period - Stopped by Elvis Merzlikins with a rebound.
17:35 of 3rd period - Samuel Knazko is hit by Adam Erne and loses puck.
17:40 of 3rd period - Wrist shot by Adam Erne.
17:40 of 3rd period - Stopped by Elvis Merzlikins with a rebound.
17:42 of 3rd period - Slapshot by Dominic Toninato.
17:42 of 3rd period - Stopped by Elvis Merzlikins with a rebound.
17:44 of 3rd period - Wrist shot by Dominic Toninato.
17:44 of 3rd period - Shot Misses the Net.
17:46 of 3rd period - Wrist shot by Adam Erne.
17:46 of 3rd period - Shot Misses the Net.
17:48 of 3rd period - Slapshot by Declan Chisholm.
17:48 of 3rd period - Stopped by Elvis Merzlikins with a rebound.
17:50 of 3rd period - Snap shot by Lucas Edmonds.
17:50 of 3rd period - Stopped by Elvis Merzlikins without a rebound.
17:51 of 3rd period - Laurent Dauphin wins face-off versus Scott Reedy in Tucson Roadrunners zone.
18:12 of 3rd period - Double Minor Penalty to Jett Woo for Roughing.
18:13 of 3rd period - Kevin Stenlund wins face-off versus Ross Colton in Sarnia Sailors zone.
18:24 of 3rd period - Dominic Toninato is hit by Matt Nieto and loses puck.
19:57 of 3rd period - Icing by Carson Soucy.
19:58 of 3rd period - Tristen Nielsen wins face-off versus Ross Colton in Tucson Roadrunners zone.
Goals for this period are 1 for Tucson Roadrunners vs 3 for Sarnia Sailors.
Shots for this period are 11 for Tucson Roadrunners vs 24 for Sarnia Sailors.
Back to the Top